 Dungeon Crawl Stone Soup version 0.28.0-43-g3370ac3207 (webtiles) character file.

Game seed: 2543397090760965697

650 Zonian the Chiller (level 7, -1/46 HPs)
             Began as a Demonspawn Ice Elementalist on Mar 1, 2022.
             Was an Initiate of Gozag.
             Slain by an ogre
             ... wielding a +0 giant club
              (26 damage)
             ... on level 5 of the Dungeon.
             The game lasted 00:11:13 (9100 turns).

Zonian the Chiller (Demonspawn Ice Elementalist)    Turns: 9100, Time: 00:11:14

Health: -1/46      AC:  2    Str:  8    XL:     7   Next: 28%
Magic:  21/21      EV: 13    Int: 18    God:    Gozag
Gold:   690        SH:  0    Dex: 14    Spells: 6/13 levels left

rFire   . . .      SeeInvis .   m - +0 dagger (venom)
rCold   . . .      Faith    .   (no shield)
rNeg    . . .      Spirit   .   a - +0 robe
rPois   .          Reflect  .   (no helmet)
rElec   .          Harm     .   (no cloak)
rCorr   .          Rampage  .   (no gloves)
Will    .....                   (no boots)
Stlth   +++.......              (no amulet)
HPRegen 0.15/turn               i - ring of magical power
MPRegen 0.17/turn               (no ring)

@: freezing walls
A: powered by pain 1, weakness stinger 2
a: Renounce Religion, Potion Petition, Call Merchant, Bribe Branch


You were on level 5 of the Dungeon.
You worshipped Gozag.
Gozag was pleased with you.
You visited 1 branch of the dungeon, and saw 5 of its levels.

You collected 690 gold pieces.

Inventory:

Hand Weapons
 k - a +0 short sword
 m - a +0 dagger of venom (weapon)
Missiles
 d - 6 poisoned darts
Armour
 a - a +0 robe (worn)
Magical Staves
 h - a staff of fire
Jewellery
 i - a ring of magical power (left hand)
Wands
 j - a wand of acid (1)
Scrolls
 c - 3 scrolls of blinking
 g - 2 scrolls of identify
Potions
 b - a potion of attraction
 e - a potion of lignification
 f - 2 potions of curing
 l - 2 potions of brilliance
 n - a potion of haste {unknown}


   Skills:
 + Level 1.7 Short Blades
 + Level 3.8 Dodging
 + Level 4.1 Stealth
 + Level 3.9 Spellcasting
 + Level 5.0 Ice Magic


You had 6 spell levels left.
You knew the following spells:

 Your Spells              Type           Power      Damage    Failure   Level
a - Freeze                Ice            84%        1d10      1%          1
b - Frozen Ramparts       Ice            42%        1d6       5%          3
c - Ozocubu's Armour      Ice            21%        N/A       5%          3

Your spell library contained the following spells:

 Spells                   Type           Power      Damage    Failure   Level
 Hailstorm                Conj/Ice       12%        3d5       45%         4
 Passage of Golubria      Tloc           3%         N/A       83%         4
 Silence                  Hex/Air        1%         N/A       99%         5
 Lehudib's Crystal Spear  Conj/Erth      1%         10d2      100%        8


Dungeon Overview and Level Annotations

Branches:
Dungeon (5/15)
 Temple: D:4-7

Altars:
Gozag

Shops:
D:3 [

Annotations:
D:2 1 runed translucent door, Crazy Yiuf


Innate Abilities, Weirdness & Mutations

You sometimes gain a little power by taking damage.
You have a tail ending in a sharp stinger.


Message History

Unknown command.
There is a stone staircase leading up here.
You climb upwards.
There is a stone staircase leading down here.
Unknown command.
You start waiting.
Done waiting.
You start waiting.
Done waiting.
Unknown command.
You climb downwards.
There is a stone staircase leading up here.
Unknown command.
An ogre comes into view. It is wielding a +0 giant club.
The ogre shouts!
Found 13 gold pieces.
Casting: Frozen Ramparts (dangerous; 5% risk of failure)
Confirm with . or Enter, or press ? or * to list all spells.
Casting: Frozen Ramparts (dangerous; 5% risk of failure)
Press: ? - help, Dir - look around, f - activate The walls around you are covered in ice.
The wall freezes the ogre.
Unknown command.
You hit the ogre.
The ogre is poisoned.
The ogre is moderately wounded.
The wall freezes the ogre.
The ogre closely misses you.
You hit the ogre.
The ogre looks as sick as possible!
The ogre is heavily wounded.
You hit the ogre but do no damage.
The ogre is heavily wounded.
The wall freezes the ogre.
The ogre hits you with a +0 giant club!!
You focus on the pain.
You feel your power returning.
You barely miss the ogre. You tail-slap the ogre.
The ogre is severely wounded.
The wall freezes the ogre.
The ogre hits you with a +0 giant club!!
Ouch! That really hurt!
You die...
Your body crumbles into a pile of gold.

.. ##. . #.........#
#..#..#####g.
#.........#####.....#.....
#............##....#)#
#............# #...#
#............# ##).#
#............# #..#
#............######..#
#......O@.........<#.#
#.....##.###########..#
#..... #.# #..# #.$... #.#
#... ####.. #.# #.#.. ###
#.# #.#..# #.# ..... #.#


You could see an ogre (extremely poisoned).

Vanquished Creatures
  A necrophage (D:4)
  An ogre (D:4)
  2 bullfrogs (D:4)
  A howler monkey (D:4)
  A gnoll shaman (D:5)
  An orc priest (D:4)
  An iguana (D:4)
  A hound skeleton (D:4)
  4 gnolls (D:5)
  8 adders
  An ufetubus (D:5)
  An adder skeleton (D:4)
  3 worms
  2 dart slugs
  9 orcs
  7 ball pythons
  7 endoplasms
  3 giant cockroaches
  8 goblins
  5 hobgoblins
  2 jackals (D:1)
  A quokka (D:1)
  2 bats
  6 frilled lizards
  7 kobolds
  6 rats
91 creatures vanquished.

Notes
Turn   | Place    | Note
-------+----------+-------------------------------------------
     0 | D:1      | Zonian the Demonspawn Ice Elementalist began the quest for
                  | the Orb.
     0 | D:1      | Reached XP level 1. HP: 13/13 MP: 3/3
   322 | D:1      | Gained mutation: You sometimes gain a little power by
                  | taking damage. [demonic ancestry]
   322 | D:1      | Reached XP level 2. HP: 18/19 MP: 0/5
   761 | D:1      | Found a faded altar of an unknown god.
   888 | D:1      | Prayed at the altar of an unknown god.
   888 | D:1      | Became a worshipper of Gozag Ym Sagoz the Greedy
  1771 | D:2      | Gained mutation: You have a small tail. [demonic ancestry]
  1771 | D:2      | Reached XP level 3. HP: 24/24 MP: 0/6
  2470 | D:2      | Reached skill level 4 in Ice Magic
  2589 | D:2      | Learned a level 3 spell: Frozen Ramparts
  2647 | D:2      | Found a runed translucent door.
  2648 | D:2      | Noticed Crazy Yiuf
  2712 | D:2      | HP: 1/24 [poisoned by an adder]
  3361 | D:3      | Found Aghuiw's Armour Shop.
  3908 | D:3      | Reached XP level 4. HP: 30/30 MP: 7/7
  4293 | D:3      | Learned a level 3 spell: Ozocubu's Armour
  5683 | D:4      | Noticed a bullfrog
  5965 | D:4      | Gained mutation: You have a tail ending in a sharp stinger.
                  | [demonic ancestry]
  5965 | D:4      | Reached XP level 5. HP: 21/35 MP: 9/9
  6168 | D:4      | Noticed an ogre
  7160 | D:4      | Reached XP level 6. HP: 41/41 MP: 10/10
  7255 | D:4      | Reached skill level 1 in Short Blades
  7602 | D:4      | Reached XP level 7. HP: 25/46 MP: 12/12
  8474 | D:5      | Entered Level 5 of the Dungeon
  8485 | D:5      | Reached skill level 5 in Ice Magic
  9100 | D:5      | Slain by an ogre

Illustrated notes

Levels and vault maps discovered:
D:1:      dpeg_arrival_rhombi, layout_basic,
          hellmonk_ecumenical_altar_leap_of_faith, minmay_tree_intersection
D:2:      layout_loops_ring, uniq_crazy_yiuf_cottage
D:3:      kennysheep_six_static_rooms, layout_rooms,
          cheibrodos_sewer_entry_bend, serial_shops, shop,
          minmay_misc_feat_pillars
D:4:      layout_cave_pools
D:5:      layout_basic, nicolae_shop_dragon_depot,
          minmay_fractal_squares_gapless_5

Skill      XL: |  1  2  3  4  5  6  7 |
---------------+----------------------+-----
Dodging        | 2 3 |  3.8
Stealth        | 2 3 4 |  4.1
Ice Magic      | 4 5 |  5.0
Spellcasting   | 3 |  3.9
Short Blades   | 1 |  1.7

Action                   |  1- 3 |  4- 6 |  7- 9 || total
-------------------------+-------+-------+-------++-------
Melee: Unarmed           |    25 |       |       ||    25
       Short sword       |     6 |       |       ||     6
       Dagger            |     5 |    88 |    46 ||   139
       Staff             |     4 |       |       ||     4
       Tailslap          |     2 |    22 |     7 ||    31
       Punch             |       |     2 |       ||     2
 Cast: Freeze            |    56 |    49 |     2 ||   107
       Frozen Ramparts   |       |     4 |     5 ||     9
  Use: Scroll            |       |    11 |     1 ||    12
 Stab: Sleeping          |     1 |     1 |     1 ||     3
Armor: Robe              |    16 |    20 |     2 ||    38
Dodge: Dodged            |    67 |    82 |    24 ||   173
